 Dungeon Crawl Stone Soup version 0.24.0-1-gfbc8707122 (webtiles) character file.

Game seed: 17593360871373605609, levelgen mode: deterministic

1151 Arum the Shield-Bearer (level 8, 0/65 HPs)
             Began as a Formicid Fighter on Oct 28, 2019.
             Was a Follower of Okawaru.
             Slain by Edmund
             ... wielding a +0 dire flail of protection
              (11 damage)
             ... on level 5 of the Dungeon.
             The game lasted 00:07:02 (4427 turns).

Arum the Shield-Bearer (Formicid Fighter)           Turns: 4427, Time: 00:07:02

Health: 0/65       AC:  8    Str: 20    XL:     8   Next: 65%
Magic:  6/8        EV: 12    Int: 11    God:    Okawaru [*.....]
Gold:   194        SH: 12    Dex: 10    Spells: 7/7 levels left

rFire    + . .     SeeInvis +   a - +0 quarterstaff
rCold    . . .     Gourm    .   c - +0 shield
rNeg     . . .     Faith    .   b - +0 scale mail
rPois    .         Spirit   .   (helmet unavailable)
rElec    .         Reflect  .   (no cloak)
rCorr    .         Harm     .   (no gloves)
MR       .....                  (no boots)
Stlth    +.........             (no amulet)
HPRegen  0.20/turn              q - ring of protection from fire
MPRegen  0.11/turn              (no ring)

@: heroism
A: permanent stasis, dig shafts and tunnels, four strong arms, antennae 3
a: Dig, Shaft Self, Heroism, Renounce Religion


You were on level 5 of the Dungeon.
You worshipped Okawaru.
Okawaru was aware of your devotion.
You were not hungry.

You visited 2 branches of the dungeon, and saw 6 of its levels.

You collected 194 gold pieces.

Inventory:

Hand Weapons
 a - a +0 quarterstaff (weapon)
Missiles
 l - 8 javelins (quivered)
 r - a throwing net
Armour
 b - a +0 scale mail (worn)
 c - a +0 shield (worn)
Jewellery
 q - a ring of protection from fire (left hand)
Wands
 o - a wand of acid (4)
Scrolls
 e - a scroll of immolation {unknown}
 k - 2 scrolls of remove curse {unknown}
 m - 3 scrolls of identify {unknown}
 n - a scroll of random uselessness {unknown}
 p - 2 scrolls of magic mapping {unknown}
 u - 2 scrolls of teleportation {unknown}
Potions
 d - a potion of might
 j - 2 potions of haste
 t - a potion of berserk rage
Comestibles
 f - 9 rations
 g - 11 chunks of flesh


   Skills:
 + Level 6.6(11.6) Fighting
 + Level 5.5(10.5) Staves
 - Level 5.0(10.0) Armour
 + Level 7.2(12.2) Shields


You had 7 spell levels left.
You didn't know any spells.
Your spell library was empty.

Dungeon Overview and Level Annotations

Branches:
Dungeon (4/15)             Temple (1/1) D:4

Altars:
Ashenzari
Dithmenos
Fedhas
Gozag
Hepliaklqana
Kikubaaqudgha
Makhleb
Nemelex Xobeh
Okawaru
Qazlal
Sif Muna
Trog
Vehumet
Wu Jian
Xom
Yredelemnul
Zin
The Shining One

Annotations:
D:5 Edmund


Innate Abilities, Weirdness & Mutations

You cannot be hasted, slowed, berserked, paralysed or teleported.
You can dig through walls and to a lower floor.
Your four strong arms can wield two-handed weapons with a shield.
You have a pair of large antennae on your head. (SInv)


Message History

You extend your mandibles.
You dig through the rock wall.
You dig through the rock wall.
You dig through the rock wall.
You start resting.
Eating one of 12 chunks of flesh.
You eat one of the 12 chunks of flesh.
This raw flesh tastes terrible.
The orc wizard is too close now for your liking.
You retract your mandibles.
You hit the orc wizard but do no damage.
The orc wizard is severely wounded.
The orc wizard hits you but does no damage.
You sock the orc wizard!
You kill the orc wizard!
Okawaru accepts your kill.
You gain the combat prowess of a mighty hero.
Edmund drinks a potion.
Edmund goes berserk!
You barely miss Edmund. You block Edmund's attack.
You hit Edmund but do no damage. You block Edmund's attack.
Edmund hits you with a +0 dire flail of protection!
You die...

.. . ....# .....# ..#. ...## ###
#..####.# #.#)#@##### ######
#.{#@#....# #..... #..###....#
#..... #########.# #....# #.....
#.......#.# #....# #.....
#####.......#.# #....# #.....
.........@.o#.###....#######.....
..........o.....'....'.....'.....
........#####.###....###.###.....


You could see Edmund (berserk).

Vanquished Creatures
  Grinder (D:5)
  Sigmund (D:5)
  An orc warrior (D:5)
  A centaur (D:5)
  An ogre (D:4)
  A scorpion (D:4)
  A centaur zombie (D:4)
  An orc priest (D:5)
  2 orc wizards (D:5)
  Ijyb (D:5)
  Terence (D:3)
  3 worker ants
  7 gnolls
  4 adders
  An ooze (D:3)
  An adder skeleton (D:5)
  2 worms
  4 leopard geckos
  14 orcs
  6 giant cockroaches
  5 goblins
  9 hobgoblins
  18 jackals
  7 kobolds
  A quokka (D:4)
  9 bats
  4 frilled lizards
  A quokka skeleton (D:4)
  10 rats
118 creatures vanquished.

Notes
Turn   | Place    | Note
-------+----------+-------------------------------------------
     0 | D:1      | Arum the Formicid Fighter began the quest for the Orb.
     0 | D:1      | Reached XP level 1. HP: 18/18 MP: 1/1
    45 | D:1      | Reached XP level 2. HP: 24/24 MP: 2/2
   354 | D:1      | Reached skill level 4 in Shields
   413 | D:1      | Reached XP level 3. HP: 24/29 MP: 3/3
   943 | D:2      | Reached XP level 4. HP: 37/37 MP: 4/4
  1591 | D:2      | Reached XP level 5. HP: 38/42 MP: 5/5
  1718 | D:2      | Found a hazy altar of Hepliaklqana.
  2021 | D:3      | Noticed Terence
  2030 | D:3      | Killed Terence
  2272 | D:3      | Reached XP level 6. HP: 38/49 MP: 6/6
  2276 | D:3      | Reached skill level 5 in Shields
  2379 | D:3      | Found a blossoming altar of Fedhas.
  2515 | D:4      | Found a staircase to the Ecumenical Temple.
  2524 | Temple   | Entered the Ecumenical Temple
  2754 | Temple   | Became a worshipper of Warmaster Okawaru
  2947 | D:4      | Noticed an ogre
  2958 | D:4      | Killed an ogre
  2958 | D:4      | Reached XP level 7. HP: 5/55 MP: 7/7
  3397 | D:4      | Reached skill level 5 in Fighting
  3635 | D:4      | Reached skill level 5 in Armour
  3961 | D:4      | You fall into a shaft and drop 1 floor!
  3961 | D:5      | Entered Level 5 of the Dungeon
  3967 | D:5      | Noticed Ijyb
  3985 | D:5      | Noticed Grinder
  3986 | D:5      | Killed Ijyb
  3990 | D:5      | Killed Grinder
  3990 | D:5      | Reached skill level 6 in Shields
  4001 | D:5      | Found a glowing silver altar of Zin.
  4015 | D:5      | Noticed Sigmund
  4041 | D:5      | Killed Sigmund
  4041 | D:5      | Reached * piety under Okawaru
  4041 | D:5      | Reached XP level 8. HP: 32/64 MP: 8/8
  4126 | D:5      | Reached skill level 5 in Staves
  4127 | D:5      | HP: 3/64 [centaur (3)]
  4342 | D:5      | Noticed Edmund
  4373 | D:5      | Reached skill level 7 in Shields
  4427 | D:5      | Slain by Edmund

Levels and vault maps discovered:
D:1:      minmay_arrival_loop, layout_loops_ring
D:2:      layout_basic, lemuel_crystal_altar, first_ration
D:3:      layout_rooms, marbit_many_paths, kennysheep_generic_room_14,
          uniq_terence
D:4:      layout_basic, minmay_temple_entry_large_hall, serial_bayou_pond_c
D:5:      layout_basic, kennysheep_mini_moat, gup_ossuary_entry_pyramid,
          st_stairs_4, uniq_crazy_yiuf_cottage, uniq_edmund, uniq_grinder,
          uniq_ijyb, uniq_sigmund, uniq_duvessa
Temple:   regret_index_temple_generic_petals

Skill      XL: |  1  2  3  4  5  6  7  8 |
---------------+-------------------------+-----
Shields        | 4 5 6 7 |  7.2
Fighting       | 4 6 |  6.6
Staves         | 3 4 5 |  5.5
Armour         | 4 5 |  5.0

Action                   |  1- 3 |  4- 6 |  7- 9 || total
-------------------------+-------+-------+-------++-------
Melee: Quarterstaff      |    99 |   180 |   118 ||   397
Invok: Heroism           |       |       |     3 ||     3
 Abil: Dig               |       |     2 |     2 ||     4
Evoke: Wand              |       |       |     2 ||     2
  Use: Potion            |       |       |     8 ||     8
 Stab: Invisible         |       |       |     4 ||     4
  Eat: Chunk             |       |     7 |     5 ||    12
Armor: Scale mail        |    52 |    61 |    21 ||   134
Dodge: Dodged            |    33 |    55 |    38 ||   126
Block: Shield            |    55 |    81 |    55 ||   191
